 Dungeon Crawl Stone Soup version 0.22-a0-469-gf26638a (webtiles) character file.

97648 Ijustatesigmund the Severer (level 15, -1/147 HPs)
             Began as a Minotaur Berserker on June 11, 2018.
             Was a High Priest of Trog.
             Succumbed to poison (poison gas)
             ... on level 1 of the Swamp on June 12, 2018.
             The game lasted 01:06:42 (26667 turns).

Ijustatesigmund the Severer (Minotaur Berserker)   Turns: 26667, Time: 01:06:43

Health: -1/147     AC: 29    Str: 24    XL:     15   Next: 72%
Magic:  3/4        EV: 13    Int:  6    God:    Trog [*****.]
Gold:   1604       SH:  8    Dex: 16    Spells: 14/14 levels left

rFire    + + .     SeeInvis +   a - +9 broad axe (antimagic)
rCold    . . .     Gourm    .   f - +2 buckler {AC+3}
rNeg     . . .     Faith    .   B - +4 plate armour
rPois    .         Spirit   +   U - +1 hat
rElec    .         Reflect  .   (no cloak)
rCorr    +         Harm     .   p - +2 pair of gloves of the Lion {rF+ Str+4 Stlth+}
MR       +++..                  o - +1 pair of boots {Stlth+}
Stlth    ..........             O - amulet of guardian spirit
HPRegen  1.34/turn              b - ring of see invisible
MPRegen  0.09/turn              x - ring of resist corrosion

@: lethally poisoned (-1 -> -38), berserk cooldown, regenerating, slowed, very
slow
A: retaliatory headbutt, horns 2, clever 1, fire resistance 1, weak 1
a: Berserk, Trog's Hand, Brothers in Arms, Renounce Religion


You were on level 1 of the Swamp.
You worshipped Trog.
Trog was extremely pleased with you.
You were near starving.

You visited 4 branches of the dungeon, and saw 25 of its levels.
You visited 1 bazaar.
You also visited: Sewer and Ice Cave.

You collected 2796 gold pieces.
You spent 1192 gold pieces at shops.

Inventory:

Hand Weapons
 a - a +9 antimagic broad axe (weapon)
 A - a +0 morningstar
 Q - a +6 executioner's axe of freezing
Missiles
 n - 7 poisoned tomahawks (quivered)
 C - 5 steel javelins
Armour
 f - a +2 buckler of protection (worn)
 o - a +1 pair of boots of stealth (worn)
 p - the +2 pair of gloves of the Lion (worn) {rF+ Str+4 Stlth+}
   (You bought it in a shop on level 2 of the Orcish Mines)

   It affects your strength (+4).
   It protects you from fire.
   It makes you more stealthy.
 B - a +4 plate armour (worn)
 U - a +1 hat (worn)
Jewellery
 b - a ring of see invisible (left hand)
 g - an uncursed ring of protection from cold
 t - an uncursed ring of positive energy
 x - a ring of resist corrosion (right hand)
 I - an uncursed ring of positive energy
 J - an uncursed ring of protection from cold
 N - an uncursed ring of protection from magic
 O - an amulet of guardian spirit (around neck)
 S - an uncursed ring of protection from magic
 T - an uncursed ring of protection from magic
Wands
 k - a wand of flame (78)
 w - a wand of enslavement (5)
 D - a wand of acid (17)
 L - a wand of paralysis (40)
 P - a wand of iceblast (33)
 W - a wand of scattershot (7)
 X - a wand of disintegration (9)
Scrolls
 j - 12 scrolls of teleportation
 q - 2 scrolls of magic mapping
 s - 3 scrolls of blinking
 u - 9 scrolls of remove curse
 y - a scroll of silence
 H - 2 scrolls of fear
 M - 3 scrolls of enchant weapon
 R - 3 scrolls of identify
Potions
 d - 4 potions of cancellation
 e - 3 potions of flight
 h - 4 potions of brilliance
 i - a potion of resistance
 l - 6 potions of curing
 m - 3 potions of ambrosia
 r - 7 potions of haste
 v - 6 potions of heal wounds
 z - 6 potions of might
 E - a potion of agility
 F - a potion of lignification
 G - 2 potions of invisibility
 K - a potion of magic
 V - a potion of mutation
Comestibles
 c - 34 rations


   Skills:
 + Level 17.4 Fighting
 * Level 19.7 Axes
 - Level 7.1 Throwing
 + Level 12.2 Armour
 - Level 9.7 Dodging
 - Level 8.8 Shields


You had 14 spell levels left.
You didn't know any spells.
Your spell library was empty.

Dungeon Overview and Level Annotations

Branches:
Dungeon (15/15)            Temple (0/1) D:6            Lair (6/6) D:9
  Swamp (2/4) Lair:2       Spider (0/4) Lair:2        Slime (0/5) Lair:5
    Orc (2/2) D:9             Elf (0/3) Orc:2        Vaults (0/5) D:13
 Depths (0/5) D:15

Altars:
Ashenzari
Fedhas
Hepliaklqana
Kikubaaqudgha
Nemelex Xobeh
Qazlal
Trog
Xom
Yredelemnul
Zin
Jiyva

Shops:
D:9 :   D:10 (   Orc:2 [!%[


Innate Abilities, Weirdness & Mutations

You reflexively headbutt those who attack you in melee.
You have a pair of horns on your head.
Your mind is acute. (Int +2)
Your flesh is heat resistant. (rF+)
You are weak. (Str -2)


Message History

You feel very sick.
You see here a bog body corpse.
You feel a strong urge to attack something.
* * * LOW HITPOINT WARNING * * *
You feel very sick.
* * * LOW HITPOINT WARNING * * *
You feel very sick.
You feel your anger nearly subside.
You are no longer berserk.
You are exhausted.
You feel yourself slow down.
* * * LOW HITPOINT WARNING * * *
You feel very sick.
Your skin crawls.
You feel resistant to hostile enchantments.
You feel somewhat more hungry.
* * * LOW HITPOINT WARNING * * *
You feel extremely sick.
* * * LOW HITPOINT WARNING * * *
You feel extremely sick.
You die...

♣♣♣♣♣♣ ♣♣...♣♣♣♣
♣....♣ ♣♣♣
♣.♣.♣♣♣.♣ ..≈≈.♣
♣.♣♣♣..≈.♣♣.♣
.≈≈≈.♣
♣..♣♣.♣≈.♣♣.♣
.♣≈≈.♣
♣..♣...≈....♣
≈≈≈≈.♣♣
♣♣...♣≈≈≈≈♣.♣
......♣
♣.≈≈♣≈≈....♣
≈..♣..♣
♣.≈≈≈≈≈.♣..♣ ♣♣♣
...§.≈♣
♣≈.≈≈≈@.♣♣.♣♣♣.♣
.≈≈≈≈.♣
♣♣.≈♣≈.♣♣♣.≈≈.♣♣
≈≈.≈≈≈♣ ♣♣.....♣
♣.≈≈♣♣ ≈≈.≈≈≈♣
♣.≈≈≈.†♣ ♣.≈≈♣
≈..≈..♣♣
♣♣≈≈†>♣♣ ♣♣.♣♣
♣..).≈.♣ ♣♣...♣♣
♣♣.♣♣ .♣...≈.♣
♣≈≈♣.♣ ♣...♣
.♣..≈≈.♣ ♣.♣♣.♣
♣♣.♣♣ .♣.≈≈≈.♣
♣...♣♣ ♣...♣


There were no monsters in sight!

Vanquished Creatures
  Rupert (Lair:3)
  Gastronok (D:8)
  A frost giant (IceCv)
  A stone giant (Orc:1)
  The ghost of Ratty the Prestidigitator, a journeyman DDAr of Gozag (D:11)
  3 dire elephants (Lair:6)
  The ghost of galech the Fighter, a journeyman OgBe of Trog (Orc:1)
  Fannar (D:11)
  A rakshasa (D:15)
  3 vault guards (D:13)
  Erolcha (D:9)
  A ghost crab (Swamp:1)
  4 hydras
  An anaconda (Lair:6)
  10 two-headed ogres
  A tengu warrior (D:13)
  7 alligators (Swamp:1)
  A vampire mage (D:15)
  2 death yaks (IceCv)
  An ogre mage (D:15)
  4 orc high priests (Orc:2)
  2 spriggans (Swamp:1)
  2 skeletal warriors (D:15)
  A storm dragon skeleton (D:15)
  A deep troll (shapeshifter) (D:15)
  An unseen horror (D:14)
  2 swamp dragons (Swamp:1)
  A lindwurm (Lair:6)
  2 wizards (D:14)
  A necromancer (D:15)
  4 orc knights (Orc:2)
  A deep elf mage (D:12)
  5 orc sorcerers (Orc:2)
  A wolf spider (Lair:2)
  8 cyclopes
  A centaur zombie (D:12)
  An ice statue (IceCv)
  4 elephants (Lair:6)
  A black mamba (Lair:3)
  A centaur skeleton (D:15)
  4 gargoyles
  7 spiny frogs
  A rime drake (IceCv)
  4 kobold demonologists
  7 komodo dragons
  A jumping spider (Lair:2)
  23 polar bears
  A tyrant leech (Swamp:1)
  5 trolls
  2 hornets (Swamp:1)
  2 bog bodies (Swamp:1)
  20 blink frogs
  A dream sheep (Lair:6)
  5 slime creatures
  7 hippogriffs
  An ettin skeleton (D:15)
  An ice dragon zombie (D:15)
  A meliai zombie (D:14)
  2 shadows
  2 vampires (D:15)
  A fire dragon skeleton (D:15)
  52 yaks
  A redback (Lair:2)
  5 wyverns
  3 wraiths
  3 hungry ghosts
  9 vampire mosquitoes
  6 wargs
  2 swamp worms (Swamp:1)
  A hornet zombie (D:8)
  8 porcupines
  2 swamp drakes (Swamp:1)
  An ice beast (D:12)
  6 water moccasins
  Duvessa (D:5)
  27 orc warriors
  6 sky beasts
  An eye of draining (D:11)
  2 black bears
  11 ogres
  A phantom (D:11)
  29 wolves
  6 centaurs
  3 crocodiles
  2 big kobolds
  17 bullfrogs
  A wyvern zombie (D:10)
  The ghost of ThisFiasco the Vexing, an amateur SpEn of Ashenzari (D:3)
  7 scorpions
  Dowan (D:5)
  12 killer bees
  8 wights
  An electric eel (D:7)
  7 howler monkeys
  8 crimson imps
  A wyvern simulacrum (D:14)
  A quasit (D:11)
  A gnoll shaman (D:8)
  17 orc priests
  5 hounds
  3 jellies
  25 orc wizards
  A bullfrog skeleton (D:7)
  Natasha (thrice) (D:3)
  4 iguanas
  6 hell rats (Lair:6)
  10 worker ants
  A hound skeleton (D:6)
  A hound zombie (D:11)
  6 gnolls
  6 river rats
  16 adders
  6 shadow imps
  9 oozes (Sewer)
  4 adder zombies
  An adder skeleton (D:6)
  A worm (D:2)
  A dart slug (D:1)
  19 leopard geckos
  64 orcs
  8 ball pythons
  9 bats
  16 giant cockroaches
  3 goblins
  4 hobgoblins
  12 jackals
  3 quokkas
  15 frilled lizards
  13 kobolds
  14 rats
  9 plants
754 creatures vanquished.

Vanquished Creatures (collateral kills)
  4 slime creatures
4 creatures vanquished.

Vanquished Creatures (others)
  A yak (IceCv)
  A wolf (IceCv)
  2 orc priests (Orc:2)
  4 fungi
  2 plants (Lair:6)
  4 withered plants (D:15)
14 creatures vanquished.

Grand Total: 772 creatures vanquished

Notes
Turn   | Place    | Note
-------+----------+-------------------------------------------
     0 | D:1      | Ijustatesigmund the Minotaur Berserker began the quest for the Orb.
     0 | D:1      | Reached XP level 1. HP: 19/19 MP: 0/0
   106 | D:1      | Reached skill level 4 in Axes
   339 | D:1      | Reached XP level 2. HP: 24/27 MP: 1/1
  1222 | D:2      | Reached XP level 3. HP: 23/33 MP: 2/2
  1397 | D:2      | Reached ** piety under Trog
  1465 | D:2      | Reached skill level 5 in Axes
  1475 | D:2      | Found a shimmering altar of Xom.
  2159 | D:3      | Reached XP level 4. HP: 36/41 MP: 3/3
  2206 | D:3      | Noticed ThisFiasco's ghost (amateur SpEn)
  2347 | D:2      | You fall through a shaft!
  2347 | D:3      | Noticed Natasha
  2349 | D:3      | Noticed a black bear
  2354 | D:3      | Reached skill level 6 in Axes
  2576 | D:3      | Killed ThisFiasco's ghost
  2576 | D:3      | Reached skill level 5 in Fighting
  2576 | D:3      | Reached skill level 1 in Shields
  2576 | D:3      | Reached XP level 5. HP: 48/48 MP: 4/4
  2657 | D:3      | Killed a black bear
  2657 | D:3      | Reached XP level 6. HP: 50/56 MP: 5/5
  2936 | D:3      | Killed Natasha
  2936 | D:3      | Reached skill level 7 in Axes
  3015 | D:3      | Gained mutation: Your mind is acute. (Int +2) [potion of mutation]
  3015 | D:3      | Gained mutation: Your flesh is heat resistant. (rF+) [potion of mutation]
  3027 | D:3      | Noticed Natasha
  3033 | D:3      | Killed Natasha
  3120 | D:3      | Noticed Natasha
  3129 | D:3      | Killed Natasha
  3371 | D:3      | Found a blossoming altar of Fedhas.
  3891 | D:4      | Found a glowing drain.
  3897 | D:4      | Reached *** piety under Trog
  3905 | Sewer    | Entered a sewer
  3938 | Sewer    | Reached XP level 7. HP: 61/62 MP: 6/6
  4151 | Sewer    | Reached **** piety under Trog
  4340 | Sewer    | Reached skill level 8 in Axes
  4587 | D:4      | Found a bloodstained altar of Trog.
  4893 | D:5      | Entered Level 5 of the Dungeon
  4950 | D:5      | Reached skill level 9 in Axes
  4950 | D:5      | Reached XP level 8. HP: 71/71 MP: 7/7
  4997 | D:5      | Noticed Dowan
  4998 | D:5      | Noticed Duvessa
  5012 | D:5      | Killed Dowan
  5015 | D:5      | Killed Duvessa
  5161 | D:5      | Found the +7 Singing Sword
  5210 | D:5      | Reached ***** piety under Trog
  5294 | D:5      | Reached skill level 10 in Axes
  5369 | D:5      | Found a glowing silver altar of Zin.
  6014 | D:6      | Found a staircase to the Ecumenical Temple.
  6077 | D:6      | Found an ancient bone altar of Kikubaaqudgha.
  6254 | D:6      | Found a blossoming altar of Fedhas.
  6254 | D:6      | Found a hazy altar of Hepliaklqana.
  6255 | D:6      | Found a basalt altar of Yredelemnul.
  6725 | D:7      | Reached XP level 9. HP: 72/81 MP: 8/8
  6756 | D:7      | Reached skill level 5 in Armour
  6788 | D:7      | Reached skill level 11 in Axes
  6793 | D:7      | Reached skill level 5 in Dodging
  6837 | D:7      | Found a stormy altar of Qazlal.
  7170 | D:7      | Found a shattered altar of Ashenzari.
  7304 | D:8      | Noticed Gastronok
  7315 | D:8      | Killed Gastronok
  7315 | D:8      | Reached skill level 12 in Axes
  7315 | D:8      | Reached XP level 10. HP: 91/91 MP: 9/9
  7340 | D:8      | Got a tiger eye-encrusted ring mail
  7341 | D:8      | Noticed a two-headed ogre
  7368 | D:7      | Identified the cursed +1 ring mail of the Seven Stories {Stlth+} (You found it on level 8 of the Dungeon)
  7438 | D:8      | Killed a two-headed ogre
  7597 | D:8      | Noticed a two-headed ogre
  7602 | D:8      | Killed a two-headed ogre
  7602 | D:8      | Reached skill level 10 in Fighting
  7602 | D:8      | Reached skill level 13 in Axes
  7622 | D:8      | Found a sparkling altar of Nemelex Xobeh.
  8003 | D:9      | Found a staircase to the Orcish Mines.
  8463 | D:9      | Noticed a two-headed ogre
  8476 | D:9      | Killed a two-headed ogre
  8476 | D:9      | Received a gift from Trog
  8482 | D:9      | Reached XP level 11. HP: 53/102 MP: 10/10
  8625 | D:9      | Noticed Erolcha
  8635 | D:9      | Killed Erolcha
  8710 | D:9      | Noticed a two-headed ogre
  8712 | D:9      | Found Ifaukkeb's Book Boutique.
  8715 | D:9      | Killed a two-headed ogre
  8715 | D:9      | Reached skill level 14 in Axes
  8736 | D:9      | Noticed a two-headed ogre
  8746 | D:9      | Killed a two-headed ogre
  8757 | D:9      | Noticed a two-headed ogre
  8763 | D:9      | Killed a two-headed ogre
  9026 | D:9      | Found a staircase to the Lair.
  9128 | D:10     | Entered Level 10 of the Dungeon
  9583 | D:10     | Noticed a red ugly thing
  9583 | D:10     | Noticed an orc knight
  9791 | D:10     | Found Yvvaruj's Antique Weapon Shoppe.
  9941 | D:11     | Reached skill level 1 in Throwing
 10055 | D:11     | Reached skill level 15 in Axes
 10343 | D:11     | Noticed Ratty's ghost (journeyman DDAr)
 10587 | D:11     | Received a gift from Trog
 10640 | D:11     | Reached XP level 12. HP: 88/115 MP: 3/11
 10643 | D:11     | Noticed a five-headed hydra
 10651 | D:11     | Killed a five-headed hydra
 10722 | D:11     | Killed Ratty's ghost
 10982 | D:11     | Noticed Fannar
 11007 | D:11     | Killed Fannar
 11341 | D:12     | Found a frozen archway.
 11349 | IceCv    | Entered an ice cave
 11462 | IceCv    | Reached skill level 5 in Throwing
 12069 | IceCv    | Reached skill level 16 in Axes
 12161 | IceCv    | Noticed a death yak
 12183 | IceCv    | Killed a death yak
 12581 | IceCv    | Noticed a death yak
 12581 | IceCv    | Noticed a frost giant
 12598 | IceCv    | Killed a death yak
 12606 | IceCv    | Killed a frost giant
 12610 | IceCv    | Reached XP level 13. HP: 115/125 MP: 4/12
 13408 | D:12     | Received a gift from Trog
 13408 | D:12     | Reached skill level 15 in Fighting
 13695 | D:13     | Reached skill level 17 in Axes
 13769 | D:13     | You fall through a shaft for 2 floors!
 13769 | D:15     | Entered Level 15 of the Dungeon
 13866 | D:15     | Found a staircase to the Depths.
 13939 | D:15     | Found a flickering gateway to a bazaar.
 13951 | Bazaar   | Entered a bazaar
 14448 | Bazaar   | Found Dioheo's Book Shop.
 14461 | Bazaar   | Found Techere's Gadget Shop.
 14517 | Bazaar   | Bought a wand of acid (7) for 198 gold pieces
 14960 | D:14     | Got a shimmering war axe
 14961 | D:14     | Identified the cursed +3 war axe of Sudden Death {chop, *Drain rElec Int+7 Dex+2} (You found it on level 14 of the Dungeon)
 15314 | Lair:1   | Entered Level 1 of the Lair of Beasts
 15424 | Lair:1   | Reached skill level 18 in Axes
 15726 | Lair:1   | Received a gift from Trog
 16635 | Lair:2   | Reached XP level 14. HP: 138/138 MP: 4/13
 16778 | Lair:2   | Found a hole to the Spider Nest.
 16780 | Lair:2   | Reached skill level 5 in Shields
 16788 | Lair:2   | Found a staircase to the Swamp.
 17758 | Lair:3   | Noticed Rupert
 17765 | Lair:3   | Killed Rupert
 19117 | Lair:5   | Found a viscous altar of Jiyva.
 19118 | Lair:5   | Found a staircase to the Slime Pits.
 19666 | Lair:6   | Entered Level 6 of the Lair of Beasts
 19699 | Lair:6   | Received a gift from Trog
 20193 | Lair:6   | Received a gift from Trog
 20618 | Lair:6   | Reached skill level 10 in Armour
 20926 | Lair:6   | Got a faintly humming ring mail
 20963 | Lair:6   | Identified the +2 ring mail of Music {Int+3} (You found it on level 6 of the Lair of Beasts)
 21262 | Orc:1    | Entered Level 1 of the Orcish Mines
 21283 | Orc:1    | Noticed galech's ghost (journeyman OgBe)
 21294 | Orc:1    | Killed galech's ghost
 21301 | Orc:1    | Received a gift from Trog
 21325 | Orc:1    | Noticed a stone giant
 21336 | Orc:1    | Killed a stone giant
 21740 | Orc:2    | Entered Level 2 of the Orcish Mines
 21747 | Orc:2    | Received a gift from Trog
 22102 | Orc:2    | Found Onybaet's Armour Shoppe.
 22123 | Orc:2    | Received a gift from Trog
 22137 | Orc:2    | Reached XP level 15. HP: 45/145 MP: 1/14
 22478 | Orc:2    | Found a staircase to the Elven Halls.
 22508 | Orc:2    | Gained mutation: You are weak. (Str -2) [a neqoxec]
 22856 | Orc:2    | Found Hagaess's Food Boutique.
 22868 | Orc:2    | Bought a +2 buckler of protection for 279 gold pieces
 22875 | Orc:2    | Found Biatur's Distillery.
 22877 | Orc:2    | Found Uryabror's Armour Shoppe.
 22883 | Orc:2    | Bought a potion of heal wounds for 80 gold pieces
 22893 | Orc:2    | Bought the +2 pair of gloves of the Lion {rF+ Str+4 Stlth+} for 635 gold pieces
 23470 | D:13     | Found a gate to the Vaults.
 24039 | D:14     | Reached skill level 19 in Axes
 24553 | D:15     | Received a gift from Trog
 24742 | D:15     | Received a gift from Trog
 25399 | Swamp:1  | Entered Level 1 of the Swamp
 26666 | Swamp:1  | HP: 5/147 [poison (poison gas)]
 26667 | Swamp:1  | Succumbed to poison (poison gas)

Vault maps used:
D:1:      tarquinn_simple_flora_water_b, serial_forest,
          infiniplex_forest_clump_tiny, infiniplex_forest_clump_long,
          infiniplex_forest_end_2, infiniplex_forest_straight_3,
          infiniplex_forest_lined_3, infiniplex_forest_clump_diagonal,
          infiniplex_forest_end_2, infiniplex_forest_clump_curved,
          minmay_statues_item
D:2:      xom_teletrap_fun, chequers_big_river
D:3:      kennysheep_cross_bottleneck, fedhas_altar_fruit_tree, uniq_natasha
D:4:      bloody_trog, cheibrodos_sewer_entry_sluice
D:5:      old_forge, kennysheep_little_box, first_ration, uniq_duvessa
D:6:      black_bear_nest_2, kiku_gazebo_pond_becter,
          gammafunk_temple_overflow_claw, minmay_temple_entry_trees,
          serial_co_window_serial, co_window_of_opportunity_a,
          co_window_corner_a, co_window_of_opportunity_a, co_window_corner_a,
          co_window_corner_a, co_window_of_opportunity_a, co_window_paths_a,
          co_window_cross_3, co_window_paths_c, co_window_broadway_b,
          co_window_paths_c, glass_columns_a
D:7:      cheibrodos_helix_gallery, old_standard_altar, kennysheep_mini_moat
D:8:      old_standard_altar, uniq_gastronok
D:9:      lair_entry_dummy, david_orc_3, serial_shops, shop, uniq_erolcha
D:10:     serial_shops, shop, blue_anna_alchemist, lightli_corner_chamber
D:11:     serial_bayou_pond_a, kennysheep_generic_room_11, uniq_fannar
D:12:     portal_ice_cave_entry_pillars_2
D:13:     lightli_vaults_fourway_checkpoint, kennysheep_decorative_pillar
D:14:     hangedman_abyss_or_decor_stagger
D:15:     gammafunk_depths_entry_grave, serial_shops, bzr_entry_islet
Lair:2:   swamp_mist, spider_nest_entry_funnel_web, beast_lair_carwin_7
Lair:3:   uniq_rupert
Lair:4:   grunt_megastairs_1, infiniplex_staircase_pool
Lair:5:   slime_altar_1, cheibrodos_lair_lostbears
Lair:6:   due_jungle_book, kennysheep_abandoned_house, grunt_megastairs_5
Swamp:1:  evilmike_swamp_ruin_wall
Swamp:2:  evilmike_swamp_ruin_house_4, uniq_kirke
Orc:2:    st_orc_elflike, nicolae_orc_rich_vein
Bazaar:   bazaar_jpeg_cross
Sewer:    sewer_frog_island_02
IceCv:    ice_cave_caverns_02

Skill      XL: |  1  2  3  4  5  6  7  8  9 10 11 12 13 14 15 |
---------------+----------------------------------------------+-----
Axes           | 4 5 6 7 9 10 12 13 15 16 18 19 | 19.7
Fighting       | 4 5 6 7 9 11 13 14 16 17 | 17.4
Shields        | 1 3 4 8 |  8.8
Armour         | 4 6 7 10 12 | 12.2
Dodging        | 4 6 7 9 |  9.7
Throwing       | 3 7 |  7.1

Action                   |  1- 3 |  4- 6 |  7- 9 | 10-12 | 13-15 || total
-------------------------+-------+-------+-------+-------+-------++-------
Melee: Hand axe          |    95 |    99 |   140 |       |       ||   334
       Headbutt          |    16 |    15 |    58 |   138 |   272 ||   499
       War axe           |       |       |   155 |   120 |       ||   275
       Broad axe         |       |       |       |   400 |   971 ||  1371
       Morningstar       |       |       |       |     5 |     8 ||    13
       Battleaxe         |       |       |       |       |     4 ||     4
Throw: Tomahawk          |       |     3 |     4 |     1 |     1 ||     9
Invok: Trog's Hand       |       |     2 |     2 |     3 |     7 ||    14
       Berserk           |       |     3 |     7 |    11 |    12 ||    33
       Brothers in Arms  |       |       |       |       |     1 ||     1
Evoke: Wand              |       |     5 |     3 |     1 |     3 ||    12
  Use: Scroll            |     4 |    10 |     3 |    13 |    21 ||    51
       Potion            |     1 |     1 |     1 |     1 |     5 ||     9
 Stab: Sleeping          |     1 |       |       |       |       ||     1
       Held in net/web   |       |       |     1 |       |       ||     1
  Eat: Chunk             |     2 |     2 |     8 |    10 |    31 ||    53
       Ration            |     1 |     2 |     2 |     6 |     9 ||    20
Armor: Animal skin       |    16 |       |       |       |       ||    16
       Scale mail        |     3 |    43 |   104 |    22 |       ||   172
       Plate armour      |       |       |       |   163 |   459 ||   622
Dodge: Dodged            |    52 |    39 |   125 |   215 |   342 ||   773
Block: Buckler           |       |    17 |    60 |   107 |   244 ||   428

Table legend:
 A = Spawn XP
 B = Non-spawn XP
 C = Spawn XP percentage of total XP
 D = Spawn monster count
 E = Non-spawn monster count
 F = Spawn count percentage of total count
 G = Total turns spent on level
                    A         B        C        D         E        F      G
               +---------+---------+-------+---------+---------+-------+---------
         Total |       0 |  139498 |   0.0 |       0 |     749 |   0.0 | 26667
               +---------+---------+-------+---------+---------+-------+---------
           D:1 |       0 |      35 |   0.0 |       0 |      24 |   0.0 |  1207
           D:2 |       0 |      55 |   0.0 |       0 |      17 |   0.0 |  1254
           D:3 |       0 |     537 |   0.0 |       0 |      37 |   0.0 |  1163
           D:4 |       0 |     264 |   0.0 |       0 |      12 |   0.0 |   780
           D:5 |       0 |    1129 |   0.0 |       0 |      22 |   0.0 |  1089
           D:6 |       0 |     332 |   0.0 |       0 |       9 |   0.0 |   684
           D:7 |       0 |    1703 |   0.0 |       0 |      26 |   0.0 |   680
           D:8 |       0 |    4896 |   0.0 |       0 |      19 |   0.0 |   695
           D:9 |       0 |    5376 |   0.0 |       0 |      28 |   0.0 |  1369
          D:10 |       0 |    2319 |   0.0 |       0 |      28 |   0.0 |   803
          D:11 |       0 |    8351 |   0.0 |       0 |      47 |   0.0 |  1493
          D:12 |       0 |    3306 |   0.0 |       0 |      15 |   0.0 |   815
          D:13 |       0 |    8892 |   0.0 |       0 |      32 |   0.0 |   975
          D:14 |       0 |    5407 |   0.0 |       0 |      20 |   0.0 |   951
          D:15 |       0 |   14726 |   0.0 |       0 |      46 |   0.0 |   957
        Lair:1 |       0 |    3579 |   0.0 |       0 |      13 |   0.0 |  1031
        Lair:2 |       0 |    5667 |   0.0 |       0 |      26 |   0.0 |  1226
        Lair:3 |       0 |    8285 |   0.0 |       0 |      28 |   0.0 |   871
        Lair:4 |       0 |    1670 |   0.0 |       0 |       7 |   0.0 |   766
        Lair:5 |       0 |    1977 |   0.0 |       0 |       7 |   0.0 |   658
        Lair:6 |       0 |   13636 |   0.0 |       0 |      55 |   0.0 |  1369
       Swamp:1 |       0 |   15114 |   0.0 |       0 |      28 |   0.0 |  1256
       Swamp:2 |       0 |     699 |   0.0 |       0 |       4 |   0.0 |    12
         Orc:1 |       0 |    4149 |   0.0 |       0 |      35 |   0.0 |   855
         Orc:2 |       0 |   12934 |   0.0 |       0 |      59 |   0.0 |  1127
         Sewer |       0 |     384 |   0.0 |       0 |      52 |   0.0 |   521
         IceCv |       0 |   14076 |   0.0 |       0 |      53 |   0.0 |  1472
               +---------+---------+-------+---------+---------+-------+---------
